Construct Section Command Post
Selects Australian Defense Battlegroup
Selects Australian Light Infantry Section
Australian Light Infantry Section
Australian Light Infantry Section
Selects 2-pounder Anti-tank Gun Team
2-pounder Anti-tank Gun Team
Construct Platoon Command Post
Construct Company Command Post
Selects CMP 15cwt Supply Run
Construct Field Infirmary
Selects Artillery Trip Wire Flares
Selects Charged Creeping Barrage
Unlock M3 Grant Medium Tanks